 Dungeon Crawl Stone Soup version 0.27-a0-869-g165b36e3f0 (webtiles) character file.

Game seed: 936900202630990977

81 polve the Slasher (level 4, -1/33 HPs)
             Began as a Demonspawn Gladiator on Apr 2, 2021.
             Was a Follower of Trog.
             Slain by an orc
             ... wielding a +0 club
              (3 damage)
             ... on level 2 of the Dungeon.
             The game lasted 00:01:08 (1576 turns).

polve the Slasher (Demonspawn Gladiator)            Turns: 1576, Time: 00:01:09

Health: -1/33      AC:  7    Str: 16    XL:     4   Next: 20%
Magic:  4/4        EV: 12    Int:  9    God:    Trog [*.....]
Gold:   32         SH:  0    Dex: 14    Spells: 3/3 levels left

rFire    . . .     SeeInvis .   a - +0 long sword
rCold    . . .     Faith    .   (no shield)
rNeg     . . .     Spirit   .   b - +0 leather armour
rPois    .         Reflect  .   c - +0 helmet
rElec    .         Harm     .   (no cloak)
rCorr    .         Rampage  .   (no gloves)
Will     .....                  (no boots)
Stlth    +.........             (no amulet)
HPRegen  0.11/turn              (no ring)
MPRegen  0.09/turn              (no ring)

@: confused, berserk cooldown, slowed, very slow
A: icy blue scales 2, foul stench 1
a: Renounce Religion, Berserk


You were on level 2 of the Dungeon.
You worshipped Trog.
Trog was aware of your devotion.
You visited 1 branch of the dungeon, and saw 2 of its levels.

You collected 32 gold pieces.

Inventory:

Hand Weapons
 a - a +0 long sword (weapon)
Missiles
 d - 3 throwing nets
Armour
 b - a +0 leather armour (worn)
 c - a +0 helmet (worn)
Jewellery
 e - a ring of positive energy
Scrolls
 f - a scroll of noise {unknown}
 g - a scroll of torment {unknown}
 h - a scroll of summoning {unknown}
 j - a scroll of enchant weapon {unknown}
Potions
 i - 2 potions of degeneration {unknown}
 k - 2 potions of might {unknown}
 l - a potion of attraction {unknown}
 m - a potion of lignification {unknown}


   Skills:
 - Level 2.0 Fighting
 + Level 4.6 Long Blades
 - Level 1.7 Throwing
 - Level 2.6 Dodging


You had 3 spell levels left.
You didn't know any spells.
Your spell library contained the following spells:

 Spells                   Type           Power      Damage    Failure   Level
 Animate Skeleton         Necr           0%         N/A       45%         1
 Apportation              Tloc           0%         N/A       45%         1
 Corona                   Hex            0%         N/A       45%         1
 Summon Small Mammal      Summ           0%         N/A       45%         1


Dungeon Overview and Level Annotations

Branches:
Dungeon (2/15)

Altars:
Trog


Innate Abilities, Weirdness & Mutations

You are mostly covered in icy blue scales. (AC +3)
You may rarely emit foul miasma when damaged in melee.


Message History

You kill the orc!
Trog accepts your kill.
You hit the orc wizard.
The orc wizard is almost dead.
The orc hits you with a +0 club.
* * * LOW HITPOINT WARNING * * *
The orc wizard closely misses you.
You riposte.
You closely miss the orc wizard.
The orc wizard is almost dead.
You slash the orc wizard!
You kill the orc wizard!
Trog accepts your kill.
Trog appreciates your killing of a magic user.
The orc hits you but does no damage.
You have reached level 4!
You feel stronger.
Your demonic ancestry asserts itself...
Icy blue scales spread over more of your body.
You are no longer berserk.
You are exhausted.
You feel yourself slow down. Something hits you but does no damage.
Found 22 gold pieces.
Things that are here:
a +0 dagger; a +0 robe You barely miss the orc.
The orc hits you with a +0 club.
* * * LOW HITPOINT WARNING * * *
The orc misses you.
You hit the orc.
The orc is moderately wounded.
The orc hits you but does no damage.
You hear some strange, mumbled words.
You are confused.
You hit the orc but do no damage.
The orc is moderately wounded.
The orc hits you but does no damage. Something hits you but does no damage.
The orc closely misses you. Something hits you.
* * * LOW HITPOINT WARNING * * *
The orc barely misses you. Something hits you but does no damage.
The orc hits you with a +0 club.
You die...

........#.# ...#.........
.##.....#.# ..........)..
..#......#####.........#...
...#.................'#.#...
.....#########.......'#.#...
...###......)..........#+#.
.#.##..8...8.)#'##.........
#$......))...# .........
#⌠.....@o....# ###.....
#$...........#..###+#...
##..8...8..#.....#....##
##........#.....#....#<
########.#.....#.†....
....#.....#......
####........#......
...#........##.....
.............#.....


You could see an orc.

Vanquished Creatures
  An orc priest (D:2)
  An orc wizard (D:2)
  3 orcs (D:2)
  2 endoplasms
  2 giant cockroaches (D:1)
  2 goblins
  2 hobgoblins (D:2)
  2 kobolds
  2 quokkas (D:2)
  A bat (D:1)
  4 frilled lizards
  3 rats
25 creatures vanquished.

Notes
Turn   | Place    | Note
-------+----------+-------------------------------------------
     0 | D:1      | polve the Demonspawn Gladiator began the quest for the Orb.
     0 | D:1      | Reached XP level 1. HP: 16/16 MP: 1/1
   263 | D:1      | Reached skill level 3 in Long Blades
   515 | D:1      | Gained mutation: You are partially covered in icy blue
                  | scales. (AC +2) [demonic ancestry]
   515 | D:1      | Reached XP level 2. HP: 17/22 MP: 2/2
   594 | D:1      | Found a faded altar of an unknown god.
   612 | D:1      | Became a worshipper of Trog the Wrathful
   612 | D:1      | Reached * piety under Trog
  1567 | D:2      | Reached skill level 4 in Long Blades
  1567 | D:2      | Gained mutation: You may rarely emit foul miasma when
                  | damaged in melee. [demonic ancestry]
  1567 | D:2      | Reached XP level 3. HP: 12/27 MP: 3/3
  1571 | D:2      | Gained mutation: You are mostly covered in icy blue scales.
                  | (AC +3) [demonic ancestry]
  1571 | D:2      | Reached XP level 4. HP: 14/33 MP: 4/4
  1576 | D:2      | Slain by an orc

Illustrated notes

Levels and vault maps discovered:
D:1:      nzn_arrival_water_spiral, layout_basic, serial_forest,
          infiniplex_forest_fountain, infiniplex_forest_lined_2,
          basic_ecumenical_altar
D:2:      cheibrodos_pilgrimage, layout_basic

Skill      XL: |  1  2 |
---------------+-------+-----
Long Blades    | 3 4 |  4.6
Fighting       | |  2.0
Throwing       | |  1.7
Dodging        | |  2.6

Action                   |  1- 3 |  4- 6 || total
-------------------------+-------+-------++-------
Melee: Long sword        |    56 |     3 ||    59
Invok: Berserk           |     2 |       ||     2
Armor: Leather armour    |    20 |     5 ||    25
Dodge: Dodged            |    50 |     3 ||    53
       Rpst.: Long sword |    22 |       ||    22

Table legend: (Time is in decaauts)
 A = Elapsed time spent in this place.
 B = Non-inter-level travel time spent in this place.
 C = Inter-level travel time spent in this place.
 D = Time resting spent in this place.
 E = Time spent auto-exploring this place.
 F = Levels seen in this place.
 G = Mean time per level.
                   A        B        C        D        E       F      G
               +--------+--------+--------+--------+--------+-----+--------+
         Total |   1601 |   1598 |      3 |      2 |   1434 |   2 |  800.5 |
       Dungeon |   1601 |   1598 |      3 |      2 |   1434 |   2 |  800.5 |
               +--------+--------+--------+--------+--------+-----+--------+

Top non-repeatable levels by time:
     D:1: 1054 daAuts
     D:2: 546 daAuts
